AoeStats
← a.l.a.n.t

Arabia

503666847Analyzed
2v2 RM · 1mo ago on Sep 1, 2026· 42m 43s· 4 players
Game mode
Random Map
Map size
Medium (4 player)
Population
200
Speed
Normal
Resources
Standard
Victory
Conquest
Starting age
Dark Age
Ending age
Imperial Age
RankedLock teamsTeams togetherTeam positionsShared explorationLock speedFull tech treeHidden civsTurbo modeCheats
Victory
Defeat
🇬🇧 Magyars · United Kingdom
1276
+10
🇮🇶 Vikings · Iraq
1091
+18
🇹🇷 Magyars · Türkiye
1155
-15
🇹🇷 Britons · Türkiye
1135
-14
OROSPİSENT
5:45 Loom
11:14 Feudal Age
13:05 Double-Bit Axe
16:50 Bloodlines
18:35 Scale Barding Armor
21:00 Gold Mining
26:09 Castle Age
25:18 Scale Mail Armor
26:28 Pikeman
27:24 Horse Collar
31:54 Heavy Plow
32:47 Husbandry
35:47 Stone Mining
39:34 Chain Mail Armor
40:47 Wheelbarrow
41:46 Corvinian Army
42:48 Gold Shaft Mining
Peugeot 607
8:16 Loom
10:20 Feudal Age
10:52 Double-Bit Axe
14:43 Fletching
19:00 Wheelbarrow
23:12 Castle Age
23:21 Crossbowman
23:59 Bodkin Arrow
27:41 Bow Saw
27:29 Town Watch
31:09 Ballistics
33:50 Horse Collar
34:52 Treadmill Crane
35:40 Town Patrol
35:58 Hand Cart
35:44 Padded Archer Armor
36:40 Heavy Plow
41:14 Fortified Wall
a.l.a.n.t
6:36 Loom
9:21 Feudal Age
10:01 Double-Bit Axe
14:32 Horse Collar
20:25 Castle Age
18:34 Scale Barding Armor
18:48 Bloodlines
21:11 Husbandry
22:21 Chain Barding Armor
23:22 Gold Mining
28:14 Bow Saw
31:34 Wheelbarrow
32:54 Fletching
33:46 Padded Archer Armor
33:42 Bodkin Arrow
34:46 Leather Archer Armor
36:09 Town Watch
37:17 Ballistics
41:00 Imperial Age
38:50 Heavy Plow
39:07 Town Patrol
39:25 Hand Cart
39:20 Thumb Ring
39:02 Treadmill Crane
42:12 Parthian Tactics
41:19 Heavy Cavalry Archer
42:10 Bracer
aryaszahir958
4:41 Loom
10:17 Feudal Age
10:53 Man-at-Arms
21:04 Castle Age
24:25 Stone Mining
29:00 Double-Bit Axe
29:00 Horse Collar
30:09 Gold Mining
35:12 Elite Skirmisher
36:15 Bow Saw
36:31 Scale Mail Armor
41:16 Imperial Age
41:57 Capped Ram
42:58 Forging
42:49 Padded Archer Armor
Connection lost

Rejoining the realm…

Still unreachable

The connection could not be restored.

Session expired

The server has moved on; the page needs a fresh start.